 Dungeon Crawl Stone Soup version 0.29-a0-275-g389c0b56f3 (webtiles) character file.

Game seed: 13617938884639010140

114 spaghetti the Vandal (level 4, 33/39 HPs)
             Began as a Deep Dwarf Hunter on Mar 12, 2022.
             Quit the game on level 1 of the Dungeon.
             The game lasted 00:02:21 (1312 turns).

spaghetti the Vandal (Deep Dwarf Hunter)            Turns: 1312, Time: 00:02:22

Health: 33/39      AC: 10    Str: 17    XL:     4   Next: 67%
Magic:  3/3        EV:  7    Int: 12    God:
Gold:   88         SH:  0    Dex: 13    Spells: 3/3 levels left

rFire   . . .      SeeInvis .   b - +0 short sword {short}
rCold   . . .      Faith    .   (no shield)
rNeg    . . .      Spirit   .   h - +0 shadow dragon scales {rare}
rPois   +          Reflect  .   (no helmet)
rElec   .          Harm     .   (no cloak)
rCorr   .          Rampage  .   (no gloves)
Will    .....                   (no boots)
Stlth   +++.......              (no amulet)
HPRegen 0.00/turn               l - ring of poison resistance
MPRegen 0.08/turn               (no ring)

@: no status effects
A: damage resistance, heal wounds, sense surroundings 1, no regeneration,
deterioration 1, noise suppression
a: Heal Wounds


You were on level 1 of the Dungeon.
You visited 1 branch of the dungeon, and saw 2 of its levels.

You collected 88 gold pieces.


Innate Abilities, Weirdness & Mutations

You are resistant to damage.
You can heal yourself by infusing magical energy.
You passively map a small area around you.
You do not regenerate.
Your body sometimes deteriorates upon taking damage.
You passively dampen the noise of your surroundings.


   Skills:
 - Level 1.7 Fighting
 + Level 6.7 Slings
 - Level 2.1 Dodging
 - Level 1.2 Stealth


You had 3 spell levels left.
You didn't know any spells.
Your spell library contained the following spells:

 Spells                   Type           Power      Damage    Failure   Level
 Freezing Cloud           Conj/Ice/Air   0%         6-21      100%        5
 Iskenderun's Battlesphe  Conj           0%         2d6       100%        5
 Iron Shot                Conj/Erth      0%         9d1       100%        6
 Simulacrum               Ice/Necr       0%         N/A       100%        6
 Spellforged Servitor     Conj/Summ      0%         N/A       100%        7
 Polar Vortex             Ice            0%         N/A       100%        9

Inventory:

Hand Weapons
 a - a +1 hunting sling {sling}
 b - a +0 short sword (weapon) {short}
   (You found it on level 1 of the Dungeon)
Missiles
 f - 56 stones {throwing}
Armour
 h - +0 shadow dragon scales (worn) {rare}
   (You found it on level 1 of the Dungeon)
 i - a +0 leather armour
Magical Staves
 n - a staff of conjuration {!a@e2staff}
   (You found it on level 2 of the Dungeon)
Jewellery
 l - a ring of poison resistance (left hand)
   (You found it on level 2 of the Dungeon)
Scrolls
 c - a scroll of immolation {!r!r}
 g - 2 scrolls of teleportation {@r4}
 k - a scroll of amnesia {unknown}
Potions
 d - a potion of flight

Dungeon Overview and Level Annotations

Branches:
Dungeon (2/15)

Altars:

.##[#####...#
##.#....###### .##.#
#...# ##.##....# .##.#
#...## #.##.โ€ ..#
.##.#####....##
#.##....####
..............##
#......^...# ...โ€
...........#
#..........#
#########..ยง)..#
##...).....# ...#
##...#.#####
####...#### ##.#
#.).....@..#######)..#
.#.#
#.####.###.......#...#
.#.# #.# #.#
#######.#..## .#.#
##.# #.# #.#..# .#.#
##..# #.# #.#..#
.#.####...# #.# #..โ€
.# .#...##...####.#
#..#.#
.#.#........##.#
#..#.#
.#.#...........#
#..#.#


There were no monsters in sight!


Message History

You hit Robin but do no damage. The goblin closely misses you.
The hobgoblin hits you but does no damage.
Robin hits you but does no damage.
You barely miss Robin. The goblin completely misses you.
The hobgoblin hits you but does no damage.
Robin roars a battlecry!
The hobgoblin goes into a battle-frenzy!
You hit Robin but do no damage. The goblin hits you but does no damage.
The hobgoblin hits you. Robin hits you but does no damage.
It was a potion of brilliance.
You feel clever all of a sudden. The goblin closely misses you.
The hobgoblin hits you but does no damage.
Robin barely misses you.
It was a potion of flight.
You feel very buoyant.
You fly up into the air.
The goblin hits you but does no damage.
The hobgoblin hits you but does no damage.
Robin's horned helmet rattles.
Robin hits you but does no damage.
It was a potion of attraction.
You feel attractive to monsters. The goblin barely misses you.
The hobgoblin hits you but does no damage.
Robin hits you with a +0 whip.
It was a potion of mutation.
You feel extremely strange.
You feel your surroundings grow quieter.
You feel yourself wasting away. The goblin hits you but does no damage.
The hobgoblin hits you but does no damage.
Robin hits you but does no damage.
It was a potion of haste.
You feel yourself speed up. The goblin completely misses you.
The hobgoblin closely misses you. Robin hits you with a +0 whip.
* * * LOW HITPOINT WARNING * * *
๐Ÿ˜จ HP[-1]
You take 1 damage, and now have 17/39 hp.
You closely miss Robin. The goblin hits you but does no damage.
The hobgoblin barely misses you. Robin hits you with a +0 whip.
* * * LOW HITPOINT WARNING * * *
๐Ÿ˜จ HP[-2]
You take 2 damage, and now have 15/39 hp.
You closely miss Robin.
The goblin no longer looks unusually strong.
You hit Robin but do no damage. The goblin hits you but does no damage.
The hobgoblin hits you but does no damage.
Robin roars a battlecry!
The goblin goes into a battle-frenzy!
You hit Robin but do no damage. The goblin closely misses you.
The hobgoblin hits you. Robin barely misses you.
You barely miss Robin. The goblin hits you but does no damage.
The hobgoblin hits you but does no damage.
Robin barely misses you.
You hit Robin. You closely miss Robin. The goblin hits you with a +0 club.
* * * LOW HITPOINT WARNING * * *
The hobgoblin barely misses you.
Robin says, "My army is invincible!"
Robin hits you but does no damage. ๐Ÿ˜จ HP[-3]
You take 3 damage, and now have 12/39 hp.
You hit Robin. The goblin closely misses you. The hobgoblin closely misses you.
Robin hits you but does no damage.
You hit Robin.
You kill Robin!
The goblin hits you but does no damage.
The hobgoblin hits you but does no damage.
The goblin is attracted toward you.
Things that are here:
a +0 whip {mace}; a +0 animal skin; a +0 helmet The goblin is attracted toward you.
The hobgoblin is attracted toward you. The goblin is attracted toward you.
The hobgoblin is attracted toward you.
You hit the goblin.
The hobgoblin no longer looks unusually strong.
The goblin barely misses you.
You hit the goblin.
You kill the goblin!
You barely miss the hobgoblin.
The hobgoblin hits you but does no damage.
You hit the hobgoblin.
You kill the hobgoblin!
Things that are here:
a +0 club {mace}; a hobgoblin corpse You start waiting.
You feel less attractive to monsters.
Your extra speed is starting to run out.
You feel yourself slow down.
You are starting to lose your buoyancy.
You feel a little less clever now.
You float gracefully downwards.
Done waiting.
Unknown command.
Unknown command.
Unknown command.
You fail to use your ability.
Your magical essence is drained by the effort!
You feel much better. ๐Ÿ˜• HP[+21] MP[-1]
You regained 21 hp, and now have 33/39 hp.
Are you sure you want to abandon this character and quit the game? (Confirm with "yes".)

Skill      XL: |  1  2  3 |
---------------+----------+-----
Slings         | 5 6 |  6.7
Fighting       | |  1.7
Dodging        | |  2.1
Stealth        | |  1.2

Action                   |  1- 3 |  4- 6 || total
-------------------------+-------+-------++-------
Melee: Short sword       |       |    18 ||    18
 Fire: Hunting sling     |    81 |    54 ||   135
 Abil: Heal Wounds       |       |     1 ||     1
  Use: Scroll            |     1 |       ||     1
       Potion            |       |     5 ||     5
Armor: Shadow dragon sca |    11 |    51 ||    62
       Leather armour    |     1 |       ||     1
Dodge: Dodged            |    15 |    37 ||    52

Levels and vault maps discovered:
D:1:      matt_arrival_refuge, layout_loops_ring
D:2:      layout_basic, shapermc_ecumenical_altar_petra, uniq_robin,
          uniq_jessica

Notes
Turn   | Place    | Note
-------+----------+-------------------------------------------
     0 | D:1      | spaghetti the Deep Dwarf Hunter began the quest for the
                  | Orb.
     0 | D:1      | Reached XP level 1. HP: 19/19 MP: 1/1
     0 | D:1      | magus.rc [v1.9.6]
    62 | D:1      | You pick up a book of Power and begin reading...
    62 | D:1      | You add the spells Iskenderun's Battlesphere, Iron Shot and
                  | Spellforged Servitor to your library.
    94 | D:1      | Reached XP level 2. HP: 26/26 MP: 2/2
   136 | D:1      | Reached skill level 5 in Slings
   289 | D:1      | h - +0 shadow dragon scales {rare}
   300 | D:1      | You finish putting on your +0 shadow dragon scales {rare}.
   672 | D:2      | Noticed Jessica
   674 | D:2      | Killed Jessica
   675 | D:2      | Reached XP level 3. HP: 30/32 MP: 3/3
   694 | D:2      | Reached skill level 6 in Slings
   780 | D:2      | Reached XP level 4. HP: 36/39 MP: 4/4
   829 | D:2      | You pick up a book of Ice and begin reading...
   829 | D:2      | You add the spells Freezing Cloud, Simulacrum and Polar
                  | Vortex to your library.
  1156 | D:2      | Noticed Robin
  1188 | D:1      | Gained mutation: You passively dampen the noise of your
                  | surroundings. [potion of mutation]
  1188 | D:1      | Gained mutation: Your body sometimes deteriorates upon
                  | taking damage. [potion of mutation]
  1198 | D:1      | Killed Robin
  1312 | D:1      | Quit the game

Vanquished Creatures
  Jessica (D:2)
  Robin (D:1)
  2 adders (D:2)
  3 worms (D:2)
  4 ball pythons
  5 endoplasms
  2 giant cockroaches
  10 goblins
  8 hobgoblins
  A quokka (D:1)
  3 bats
  A frilled lizard (D:2)
  3 kobolds (D:1)
  7 rats
51 creatures vanquished.

Table legend:
 A = Non-vault XP
 B = Vault XP
 C = Vault XP percentage of total XP
 D = Non-vault monster count
 E = Vault monster count
 F = Vault count percentage of total count
                 A         B        C        D         E       F
            +---------+---------+-------+---------+---------+-------
      Total |      98 |      66 |  40.2 |      42 |       9 |  17.6
            +---------+---------+-------+---------+---------+-------
        D:1 |      39 |      20 |  33.9 |      24 |       3 |  11.1
        D:2 |      59 |      46 |  43.8 |      18 |       6 |  25.0
            +---------+---------+-------+---------+---------+-------

Illustrated notes

Table legend:
 A = Kills in this place as a percentage of kills in entire the game.
 B = Kills by you in this place as a percentage of kills by you in the entire game.
 C = Kills by friends in this place as a percentage of kills by friends in the entire game.
 D = Other kills in this place as a percentage of other kills in the entire game.
 E = Experience gained in this place as a percentage of experience gained in the entire game.
 F = Experience gained in this place divided by the number of levels of this place that you have seen.
                   A       B       C       D       E      F
               +-------+-------+-------+-------+-------+----------------------
         Total | 100.0 | 100.0 |   N/A |   N/A | 100.0 |  82.0
       Dungeon | 100.0 | 100.0 |   N/A |   N/A | 100.0 |  82.0
               +-------+-------+-------+-------+-------+----------------------

Table legend: (Time is in decaauts)
 A = Elapsed time spent in this place.
 B = Non-inter-level travel time spent in this place.
 C = Inter-level travel time spent in this place.
 D = Time resting spent in this place.
 E = Time spent auto-exploring this place.
 F = Levels seen in this place.
 G = Mean time per level.
                   A        B        C        D        E       F      G
               +--------+--------+--------+--------+--------+-----+--------+
         Total |   1367 |   1339 |     28 |     90 |    915 |   2 |  683.5 |
       Dungeon |   1367 |   1339 |     28 |     90 |    915 |   2 |  683.5 |
               +--------+--------+--------+--------+--------+-----+--------+

Top non-repeatable levels by time:
     D:1: 817 daAuts
     D:2: 550 daAuts
